 Dungeon Crawl Stone Soup version 0.30-a0-916-g98134172ad (console) character file.

Game seed: 7085836407952063827

2242 Ignak the Ogre Mage (level 9, -9/87 HPs)
             Began as an Ogre Hedge Wizard on Mar 20, 2023.
             Was an Initiate of Okawaru.
             Mangled by a two-headed ogre
             ... wielding a +0 giant club
              (23 damage)
             ... on level 6 of the Dungeon.
             The game lasted 00:17:00 (6510 turns).

Ignak the Ogre Mage (Ogre Hedge Wizard)             Turns: 6510, Time: 00:17:01

Health: -9/87      AC:  6    Str: 24    XL:     9   Next: 37%
Magic:  16/26      EV: 10    Int: 24    God:    Okawaru [......]
Gold:   300        SH:  0    Dex:  8    Spells: 8/19 levels left

rFire   . . .      SeeInvis .    r - +6 whip {drain, Fragile Int+7}
rCold   . . .      Faith    .    (no shield)
rNeg    . . .      Spirit   .    b - +0 robe
rPois   .          Reflect  .    F - +2 hat
rElec   .          Rampage  .    p - +0 cloak
rCorr   .                        (gloves unavailable)
Will    .....                    (boots unavailable)
Stlth   +                        x - amulet of the acrobat
HPRegen 0.34/turn                u - ring of magical power
MPRegen 0.20/turn                w - +6 ring of strength

@: freezing walls
A: large, unfitting armour, tough skin 1
a: Renounce Religion


You were on level 6 of the Dungeon.
You worshipped Okawaru.
Okawaru was noncommittal.
You visited 2 branches of the dungeon, and saw 7 of its levels.

You collected 300 gold pieces.

Inventory:

Hand Weapons
 r - the +6 whip "Qigotzoh" (weapon) {drain, Fragile Int+7}
   (You found it on level 2 of the Dungeon)

   Int:       It affects your intelligence (+7).
   Fragile:   It will be destroyed if unequipped.
 D - a +0 giant club
Missiles
 c - a throwing net
 i - 17 large rocks (quivered)
 l - 7 poisoned darts
Armour
 b - a +0 robe (worn)
 p - a +0 cloak (worn)
 F - a +2 hat (worn)
Jewellery
 j - a ring of protection from cold
 k - a ring of protection from cold
 m - a +6 ring of dexterity
 o - a ring of flight
 u - a ring of magical power (left hand)
 w - a +6 ring of strength (right hand)
 x - an amulet of the acrobat (around neck)
Wands
 v - a wand of flame (38)
 E - a wand of acid (9)
Scrolls
 a - 4 scrolls of vulnerability
 e - 2 scrolls of teleportation
 g - a scroll of summoning
 q - a scroll of blinking
 s - a scroll of immolation
 t - 3 scrolls of poison
 y - a scroll of enchant weapon
 A - a scroll of amnesia
Potions
 d - a potion of magic
 f - 4 potions of curing
 h - a potion of might {unknown}
 n - 2 potions of invisibility {unknown}
 z - a potion of heal wounds {unknown}
 B - 3 potions of degeneration {unknown}
 C - a potion of cancellation {unknown}
 G - 2 potions of lignification {unknown}


   Skills:
 + Level 4.8 Fighting
 + Level 2.9 Maces & Flails
 + Level 2.3 Throwing
 + Level 2.7 Armour
 + Level 3.9 Dodging
 - Level 1.4 Stealth
 + Level 5.6 Spellcasting
 * Level 3.7 Conjurations
 - Level 1.0 Summonings
 - Level 3.0 Translocations
 + Level 4.4 Ice Magic
 - Level 2.0 Air Magic
 - Level 2.0 Poison Magic
 + Level 0.8 Invocations


You had 8 spell levels left.
You knew the following spells:

 Your Spells              Type           Power      Damage    Failure   Level
a - Magic Dart            Conj           96%        1d7       1%          1
b - Blink                 Tloc           42%        N/A       3%          2
c - Frozen Ramparts       Ice            56%        1d9       4%          3
d - Mephitic Cloud        Conj/Pois/Air  19%        N/A       9%          3
e - Call Imp              Summ           11%        N/A       9%          2

Your spell library contained the following spells:

 Spells                   Type           Power      Damage    Failure   Level
 Freeze                   Ice            100%       1d10      1%          1
 Ensorcelled Hibernation  Hex/Ice        34%        N/A       4%          2
 Hailstorm                Conj/Ice       26%        3d7       4%          3
 Poisonous Vapours        Pois/Air       32%        N/A       5%          2
 Cigotuvi's Dreadful Rot  Necr/Pois/Air  26%        N/A       8%          2
 Slow                     Hex            24%        N/A       9%          1
 Spider Form              Tmut/Pois      11%        N/A       17%         3
 Anguish                  Hex/Necr       3%         N/A       63%         4
 Orb of Destruction       Conj           12%        9d7       100%        7
 Summon Guardian Golem    Hex/Summ       Unusable   N/A       N/A         3
 Spellforged Servitor     Conj/Summ      Unusable   N/A       N/A         7

Dungeon Overview and Level Annotations

Branches:
Dungeon (6/15)             Temple (1/1) D:6

Altars:
Ashenzari
Cheibriados
Dithmenos
Elyvilon
Hepliaklqana
Kikubaaqudgha
Makhleb
Nemelex Xobeh
Okawaru
Ru
Vehumet
Wu Jian
Xom
Zin
The Shining One


Innate Abilities, Weirdness & Mutations

You are too large for most types of armour.
You have tough skin. (AC +1)


Message History

You whack the sky beast!
You kill the sky beast!
Okawaru accepts your kill.
Casting: Mephitic Cloud (dangerous; 9% risk of failure)
Confirm with . or Enter, or press ? or * to list all spells.
Aiming: Mephitic Cloud (dangerous; 9% risk of failure)
Press: ? - help, Shift-Dir - straight line, f - two-headed ogre
Aim: a two-headed ogre, wielding two +0 giant clubs (chance to affect: 53%)
The ball explodes into a vile cloud!
The stinking cloud engulfs the two-headed ogre but does no damage.
The two-headed ogre is engulfed in noxious fumes.
Casting: Mephitic Cloud (dangerous; 9% risk of failure)
Confirm with . or Enter, or press ? or * to list all spells.
Aiming: Mephitic Cloud (dangerous; 9% risk of failure)
Press: ? - help, Shift-Dir - straight line, f/p - two-headed ogre
Aim: a two-headed ogre, wielding two +0 giant clubs (noxious fumes, chance to affect: 53%)
The ball explodes into a vile cloud!
The stinking cloud engulfs the two-headed ogre but does no damage.
The iguana is engulfed in noxious fumes.
The iguana appears confused.
The two-headed ogre is engulfed in noxious fumes.
Casting: Mephitic Cloud (dangerous; 9% risk of failure)
Confirm with . or Enter, or press ? or * to list all spells.
Casting: Frozen Ramparts (mildly dangerous; 4% risk of failure)
Press: ? - help, Dir - look around, f - activate An open door, spattered with blood.
The walls around you are covered in ice.
The two-headed ogre is engulfed in noxious fumes.
The two-headed ogre appears confused.
The wall freezes the two-headed ogre.
The two-headed ogre hits you with a +0 giant club!!
The two-headed ogre hits you with a +0 giant club!
You strike the helpless two-headed ogre from behind!
You whack the two-headed ogre!
The two-headed ogre is moderately wounded.
The two-headed ogre is engulfed in noxious fumes.
The two-headed ogre appears confused.
The wall freezes the two-headed ogre!
The two-headed ogre hits you with a +0 giant club!!
* * * LOW HITPOINT WARNING * * *
The two-headed ogre hits you with a +0 giant club!!
You die...

........'.....#...#......#
........#.....#...'......#
........#.....#...#......#
........#.....#...#<.....#
##'###+##.....###.#......#####
##..#.......### #'##'#.......#
#...+.......# #†##.#.......+
#...#.......#####.8####......#
#####.......##.†@O°○○.##.....#
#...........#..8#○.#8.l#.....#
#####'####..#.####### #.....#
##.......#..# ) ))# #.....+
.#...8...#### ## ###.#.....#
.#..#(#..# ..#.....#
.#.8.#.8.# ##.....#
.#..#.#..######## ####......#
.#..†8...#......####.........#


You could see a two-headed ogre (confused) and an iguana (confused).

Vanquished Creatures
  The ghost of jrbgvjkr the Covered, an amateur MiFi (D:4)
  The ghost of choppaz the Grasshopper, an amateur GnWr (D:5)
  An ice beast (D:6)
  3 black bears
  A sky beast (D:6)
  A centaur (D:6)
  2 bullfrogs
  5 scorpions
  3 killer bees (D:5)
  A jelly (D:3)
  2 gnoll boudas
  An orc priest (D:6)
  5 sleepcaps
  3 orc wizards
  9 gnolls
  4 adders
  2 white imps (D:5)
  An ufetubus (D:5)
  2 worms (D:2)
  2 dart slugs
  11 orcs
  2 ball pythons (D:1)
  4 bats
  4 endoplasms
  2 giant cockroaches (D:1)
  11 hobgoblins
  4 jackals (D:1)
  6 quokkas
  A frilled lizard (D:1)
  9 goblins
  4 kobolds
  4 rats
112 creatures vanquished.

Vanquished Creatures (collateral kills)
  An ogre (D:5)
  A killer bee (D:5)
  3 gnolls (D:4)
  An adder (D:2)
  A dart slug (D:1)
  A giant cockroach (D:2)
  3 hobgoblins
11 creatures vanquished.

Grand Total: 123 creatures vanquished

Notes
Turn   | Place    | Note
-------+----------+-------------------------------------------
     0 | D:1      | Ignak the Ogre Hedge Wizard began the quest for the Orb.
     0 | D:1      | Reached XP level 1. HP: 16/16 MP: 5/5
    37 | D:1      | Reached skill level 1 in Summonings
    92 | D:1      | Reached skill level 1 in Conjurations
    92 | D:1      | Reached skill level 1 in Translocations
   232 | D:1      | Reached XP level 2. HP: 24/24 MP: 3/6
   248 | D:1      | Learned a level 2 spell: Blink
   251 | D:1      | Learned a level 2 spell: Call Imp
   615 | D:1      | Reached XP level 3. HP: 32/32 MP: 8/8
   634 | D:1      | Reached skill level 1 in Fighting
  1036 | D:1      | Learned a level 3 spell: Mephitic Cloud
  1336 | D:2      | Reached skill level 4 in Spellcasting
  1393 | D:2      | Identified the +6 whip "Qigotzoh" {drain, Fragile Int+7}
  1469 | D:2      | Reached XP level 4. HP: 39/41 MP: 10/10
  2103 | D:3      | Learned a level 3 spell: Frozen Ramparts
  2232 | D:3      | Found a faded altar of an unknown god.
  2411 | D:3      | Reached skill level 1 in Ice Magic
  2577 | D:3      | Reached XP level 5. HP: 48/48 MP: 11/11
  2954 | D:4      | Found a shadowy altar of Dithmenos.
  2973 | D:4      | Found a sparkling altar of Nemelex Xobeh.
  2974 | D:4      | Found an ornate altar of the Wu Jian Council.
  2997 | D:4      | Reached skill level 1 in Armour
  3099 | D:4      | Reached skill level 1 in Air Magic
  3099 | D:4      | Reached XP level 6. HP: 54/57 MP: 12/12
  3192 | D:4      | Found a runed translucent gate.
  3193 | D:4      | Found a runed translucent gate.
  3194 | D:4      | Found a runed translucent gate.
  3196 | D:4      | Noticed jrbgvjkr's ghost (amateur MiFi)
  3246 | D:4      | Reached skill level 1 in Maces & Flails
  3293 | D:4      | Reached skill level 1 in Poison Magic
  3578 | D:4      | Noticed a black bear
  3588 | D:4      | Killed a black bear
  3593 | D:4      | Noticed a black bear
  3605 | D:4      | Killed a black bear
  3606 | D:4      | Reached XP level 7. HP: 65/66 MP: 13/13
  3736 | D:5      | Entered Level 5 of the Dungeon
  4176 | D:4      | Killed jrbgvjkr's ghost
  4177 | D:4      | Reached XP level 8. HP: 15/75 MP: 15/15
  4515 | D:5      | Found a runed translucent gate.
  4515 | D:5      | Found a runed translucent gate.
  4517 | D:5      | Found a runed translucent gate.
  4517 | D:5      | Noticed choppaz's ghost (amateur GnWr)
  4659 | D:5      | Reached skill level 5 in Spellcasting
  4878 | D:5      | Reached skill level 1 in Throwing
  5337 | D:5      | Killed choppaz's ghost
  5569 | D:6      | Reached XP level 9. HP: 77/85 MP: 17/17
  5995 | D:6      | Found a staircase to the Ecumenical Temple.
  6032 | Temple   | Entered the Ecumenical Temple
  6051 | Temple   | Became a worshipper of Warmaster Okawaru
  6497 | D:6      | Noticed a two-headed ogre
  6510 | D:6      | Mangled by a two-headed ogre

Illustrated notes

Levels and vault maps discovered:
D:1:      dpeg_arrival_radiant, layout_basic
D:2:      layout_basic, grunt_ministairs_8
D:3:      layout_basic, hellmonk_ecumenical_altar_pennies_from_heaven
D:4:      layout_basic, grunt_temple_overflow_open, ebering_ghost_rock_garden
D:5:      layout_basic, ebering_ghost_rock_garden, minmay_misc_feat_chi,
          hellmonk_no_cap
D:6:      minmay_chambers_of_sixes, layout_gridville, temple_statues,
          kennysheep_generic_room_10
Temple:   hellmonk_temple_two_chambers

Skill      XL: |  1  2  3  4  5  6  7  8  9 |
---------------+----------------------------+-----
Summonings     | 1 |  1.0
Conjurations   | 1 2 3 |  3.7
Translocations | 1 2 3 |  3.0
Dodging        | 2 3 |  3.9
Fighting       | 1 2 3 4 |  4.8
Spellcasting   | 4 5 |  5.6
Ice Magic      | 1 2 4 |  4.4
Armour         | 1 2 |  2.7
Air Magic      | 1 2 |  2.0
Maces & Flails | 1 2 |  2.9
Poison Magic   | 1 2 |  2.0
Throwing       | 1 2 |  2.3
Stealth        | |  1.4
Invocations    | |  0.8

Action                     |  1- 3 |  4- 6 |  7- 9 || total
---------------------------+-------+-------+-------++-------
  Melee: Dagger            |    18 |       |       ||    18
         Punch             |     3 |       |     1 ||     4
         Short sword       |    57 |       |       ||    57
         Whip              |    26 |    79 |   145 ||   250
         Club              |    14 |       |       ||    14
  Throw: Dart              |     2 |       |       ||     2
         Large rock        |       |       |     9 ||     9
   Cast: Magic Dart        |    18 |       |       ||    18
         Call Imp          |     6 |     6 |     7 ||    19
         Frozen Ramparts   |       |     3 |    15 ||    18
         Mephitic Cloud    |       |     4 |     5 ||     9
         Blink             |       |     1 |     2 ||     3
  Evoke: Wand              |       |       |     1 ||     1
    Use: Scroll            |     3 |       |     6 ||     9
   Stab: Sleeping          |     3 |       |       ||     3
         Confused          |       |     2 |     1 ||     3
         Distracted        |       |       |     1 ||     1
 Armour: Robe              |    44 |    15 |    55 ||   114
  Dodge: Dodged            |    76 |    50 |    83 ||   209

Table legend: (Time is in decaauts)
 A = Elapsed time spent in this place.
 B = Non-inter-level travel time spent in this place.
 C = Inter-level travel time spent in this place.
 D = Time resting spent in this place.
 E = Time spent auto-exploring this place.
 F = Levels seen in this place.
 G = Mean time per level.
                   A        B        C        D        E       F      G
               +--------+--------+--------+--------+--------+-----+--------+
         Total |   6525 |   6407 |    118 |    865 |   3803 |   7 |  932.1 |
       Dungeon |   6496 |   6378 |    118 |    865 |   3793 |   6 | 1082.7 |
        Temple |     28 |     28 |      0 |      0 |     10 |   1 |   28.0 |
               +--------+--------+--------+--------+--------+-----+--------+

Top non-repeatable levels by time:
     D:4: 1592 daAuts
     D:5: 1155 daAuts
     D:1: 1065 daAuts
     D:2: 1026 daAuts
     D:6: 951 daAuts
     D:3: 705 daAuts
  Temple: 28 daAuts
